 Dungeon Crawl Stone Soup version 0.30.0-18-gc0e69614cb (webtiles) character file.

Game seed: 7548878809729741225

1000 croobank the Insei (level 8, -4/72 HPs)
             Began as a Gnoll Transmuter on May 23, 2023.
             Was a Follower of Qazlal.
             Slain by a gnoll sergeant
             ... wielding a +2 spear of flaming
              (6 damage)
             ... on level 5 of the Dungeon.
             The game lasted 01:22:55 (5362 turns).

croobank the Insei (Gnoll Transmuter)               Turns: 5362, Time: 01:22:55

Health: -4/72      AC:  6    Str: 10    XL:     8   Next: 19%
Magic:  11/17      EV: 12    Int: 14    God:    Qazlal [*.....]
Gold:   357        SH:  2    Dex: 13    Spells: 12/19 levels left

rFire   x . .        a - melded +4 dagger
rCold   + + +        (shield currently unavailable)
rNeg    . . .        q - melded +0 leather armour
rPois   +            (helmet currently unavailable)
rElec   .            (cloak currently unavailable)
rCorr   .            (gloves currently unavailable)
SInv    .            u - melded +2 pair of boots
Will    .....        (no amulet)
Stlth   ++           (no ring)
HPRegen 0.32/turn    (no ring)
MPRegen 0.15/turn

%: no passive effects
@: ice-form, wereblooded
A: freezing attack, amphibious, boosted hp, large, (fangs 1), strong nose,
distributed training
a: End Transformation, Renounce Religion


You were on level 5 of the Dungeon.
You worshipped Qazlal.
Qazlal was aware of your devotion.
You were a creature of crystalline ice.
You visited 2 branches of the dungeon, and saw 6 of its levels.

You collected 357 gold pieces.

Inventory:

Hand Weapons
 a - a +4 dagger (melded)
 b - a +0 sling
 f - a +0 long sword
 i - a +1 short sword
 j - a +0 war axe
 m - a +0 dagger of draining
 x - a +0 hand axe of venom
Missiles
 h - 12 poisoned darts (quivered)
Armour
 g - a +0 ring mail
 n - a +0 robe
 q - a +0 leather armour (melded)
 u - a +2 pair of boots (melded)
Magical Staves
 r - a staff of air
Scrolls
 e - a scroll of poison
Potions
 c - 2 potions of attraction
 d - 2 potions of curing
 k - 2 potions of brilliance
 l - a potion of invisibility {unknown}
 o - a potion of haste {unknown}
 p - 2 potions of lignification
 s - a potion of resistance {unknown}
 t - a potion of magic {unknown}


   Skills:
 + Level 4.1 Fighting
 + Level 3.1 Short Blades
 + Level 3.1 Long Blades
 + Level 3.1 Axes
 + Level 3.1 Maces & Flails
 + Level 3.1 Polearms
 + Level 3.1 Staves
 + Level 3.1 Ranged Weapons
 + Level 3.1 Throwing
 + Level 3.1 Armour
 + Level 5.6 Dodging
 + Level 3.1 Stealth
 + Level 3.1 Shields
 + Level 7.3 Unarmed Combat
 + Level 6.0 Spellcasting
 + Level 2.5 Conjurations
 + Level 2.5 Hexes
 + Level 2.5 Summonings
 + Level 2.5 Necromancy
 + Level 2.5 Translocations
 + Level 4.6 Transmutations
 + Level 2.5 Fire Magic
 + Level 2.5 Ice Magic
 + Level 2.5 Air Magic
 + Level 2.5 Earth Magic
 + Level 2.5 Poison Magic
 + Level 3.5 Invocations
 + Level 3.1 Evocations


You had 12 spell levels left.
You knew the following spells:

 Your Spells              Type           Power      Damage    Failure   Level
a - Beastly Appendage     Tmut           34%        N/A       2%          1
b - Wereblood             Tmut           17%        N/A       3%          2
c - Ice Form              Ice/Tmut       14%        N/A       34%         4

Your spell library contained the following spells:

 Spells                   Type           Power      Damage    Failure   Level
 Magic Dart               Conj           44%        1d5       5%          1
 Call Imp                 Summ           22%        N/A       9%          2
 Cigotuvi's Dreadful Rot  Necr/Pois/Air  22%        N/A       9%          2
 Spider Form              Tmut/Pois      14%        N/A       11%         3
 Ignite Poison            Fire/Tmut/Pois 13%        N/A       12%         3
 Mephitic Cloud           Conj/Pois/Air  11%        N/A       17%         3
 Freezing Cloud           Conj/Ice/Air   5%         6-21      83%         5
 Conjure Ball Lightning   Conj/Air       5%         3x3d6     100%        6
 Discord                  Hex            5%         N/A       100%        8
 Disjunction              Tloc           5%         N/A       100%        8


Dungeon Overview and Level Annotations

Branches:
Dungeon (5/15)             Temple (1/1) D:4

Altars:
Ashenzari
Cheibriados
Dithmenos
Elyvilon
Gozag
Hepliaklqana
Kikubaaqudgha
Makhleb
Okawaru
Qazlal
Ru
Trog
Uskayaw
Vehumet
Wu Jian
Xom
Yredelemnul
Zin
The Shining One

Annotations:
D:2 1 runed translucent door, Crazy Yiuf
D:3 Terence


Innate Abilities, Weirdness & Mutations

You are a creature of crystalline ice.
You have a powerful freezing melee attack.
You are amphibious.
Your maximum health is increased.
Your armour is entirely melded.
You are incapable of wielding weapons or throwing items.
((You have very sharp teeth.))
Your uncanny sense of smell can sniff out nearby items.
Your experience applies equally to all skills.


Message History

The gnoll sergeant hits you from afar with a +2 spear of flaming!
The gnoll sergeant burns you. The gnoll hits you with a +0 spear.
Okay, then.
Okay, then.
Welcome back, croobank the Gnoll Transmuter.
Qazlal says: Let the forces of nature tear it all down!
Press ? for a list of commands and other information.
Okay, then.
The air fills with toxic fumes!
As you read the scroll labelled DAQOAME SYAT, it crumbles to dust.
It was a scroll of poison.
The gnoll closely misses you.
The gnoll sergeant hits you from afar with a +2 spear of flaming!
* * * LOW HITPOINT WARNING * * *
The gnoll sergeant burns you.
* * * LOW HITPOINT WARNING * * *
Okay, then.
Okay, then.
Saving game... please wait.
Welcome back, croobank the Gnoll Transmuter.
Qazlal says: Let the forces of nature tear it all down!
Press ? for a list of commands and other information.
Okay, then.
Okay, then.
Okay, then.
Okay, then.
You aren't carrying any items that you can evoke.
Unknown command.
Okay, then.
Cast which spell? (? or * to list)
Your horns disappear.
Your talons disappear.
Your +2 pair of boots unmelds from your body.
You turn into a creature of crystalline ice.
Your +4 dagger melds into your body.
Your +2 pair of boots melds into your body.
Your +0 leather armour melds into your body.
The gnoll barely misses you.
The gnoll sergeant hits you from afar with a +2 spear of flaming!
* * * LOW HITPOINT WARNING * * *
The gnoll sergeant melts you.
You die...

# #.# ##. #)#.# #.#
#.#.# #.# #.#.#
#######.########
#.#.#
................
#.#.#
######.######### ∆
..#.# #.# ### #.#
#.# #######g§§§§
#.######§§§Ygggg§§§
#...§§§§§##########
##########


You could see a gnoll sergeant and 4 gnolls.

Vanquished Creatures
  A water moccasin (D:5)
  An ice beast (D:5)
  A black bear (D:4)
  An ogre (D:5)
  A centaur (D:5)
  2 scorpions (D:5)
  3 hounds
  An orc priest (D:4)
  A sleepcap (D:4)
  An iguana (D:4)
  2 orc wizards (D:4)
  6 gnolls
  6 adders
  An ufetubus (D:4)
  2 dart slugs (D:4)
  12 orcs
  5 ball pythons
  9 endoplasms
  7 giant cockroaches
  7 goblins
  4 hobgoblins
  2 jackals (D:3)
  4 quokkas
  4 bats
  3 frilled lizards
  8 kobolds
  5 rats
100 creatures vanquished.

Notes
Turn   | Place    | Note
-------+----------+-------------------------------------------
     0 | D:1      | croobank the Gnoll Transmuter began the quest for the Orb.
     0 | D:1      | Reached XP level 1. HP: 17/17 MP: 6/6
   353 | D:1      | Reached XP level 2. HP: 21/23 MP: 5/7
   356 | D:1      | Learned a level 2 spell: Wereblood
   728 | D:2      | Reached skill level 5 in Spellcasting
   728 | D:2      | Reached XP level 3. HP: 28/28 MP: 4/9
   983 | D:2      | Reached skill level 1 in Invocations
   991 | D:2      | Upgraded the game from 0.30.0-17-ge0270778cf to
                  | 0.30.0-18-gc0e69614cb
  1134 | D:2      | You fall into a shaft and drop 2 floors!
  1146 | D:4      | Found a staircase to the Ecumenical Temple.
  1158 | Temple   | Entered the Ecumenical Temple
  1263 | Temple   | Became a worshipper of Qazlal Stormbringer
  1337 | D:3      | Reached skill level 1 in Short Blades
  1337 | D:3      | Reached skill level 1 in Long Blades
  1337 | D:3      | Reached skill level 1 in Axes
  1337 | D:3      | Reached skill level 1 in Maces & Flails
  1337 | D:3      | Reached skill level 1 in Polearms
  1337 | D:3      | Reached skill level 1 in Staves
  1337 | D:3      | Reached skill level 1 in Ranged Weapons
  1337 | D:3      | Reached skill level 1 in Throwing
  1337 | D:3      | Reached skill level 1 in Armour
  1337 | D:3      | Reached skill level 1 in Stealth
  1337 | D:3      | Reached skill level 1 in Shields
  1337 | D:3      | Reached skill level 1 in Evocations
  1581 | D:3      | Reached XP level 4. HP: 7/34 MP: 9/11
  1894 | D:2      | Reached skill level 1 in Conjurations
  1894 | D:2      | Reached skill level 1 in Hexes
  1894 | D:2      | Reached skill level 1 in Summonings
  1894 | D:2      | Reached skill level 1 in Necromancy
  1894 | D:2      | Reached skill level 1 in Translocations
  1894 | D:2      | Reached skill level 1 in Fire Magic
  1894 | D:2      | Reached skill level 1 in Ice Magic
  1894 | D:2      | Reached skill level 1 in Air Magic
  1894 | D:2      | Reached skill level 1 in Earth Magic
  1894 | D:2      | Reached skill level 1 in Poison Magic
  2195 | D:2      | Found a runed translucent door.
  2196 | D:2      | Noticed Crazy Yiuf
  2231 | D:2      | Reached XP level 5. HP: 29/40 MP: 9/12
  2243 | D:3      | Reached * piety under Qazlal
  2456 | D:3      | Noticed Terence
  2836 | D:4      | Learned a level 4 spell: Ice Form
  2869 | D:4      | Reached XP level 6. HP: 47/47 MP: 9/13
  3215 | D:4      | Noticed a black bear
  3225 | D:4      | Killed a black bear
  3226 | D:4      | Reached skill level 5 in Dodging
  3245 | D:4      | Reached ** piety under Qazlal
  3310 | D:4      | Reached skill level 7 in Unarmed Combat
  3310 | D:4      | Reached XP level 7. HP: 42/52 MP: 12/15
  3679 | D:5      | Entered Level 5 of the Dungeon
  4595 | D:5      | Reached XP level 8. HP: 60/60 MP: 13/16
  5065 | D:5      | Found an ancient bone altar of Kikubaaqudgha.
  5362 | D:5      | HP: 2/72 [gnoll sergeant/+2 spear of flaming (8)]
  5362 | D:5      | Slain by a gnoll sergeant

Illustrated notes

Levels and vault maps discovered:
D:1:      dpeg_arrival_simpleton_c, layout_basic, st_stairs_7
D:2:      layout_basic, uniq_crazy_yiuf_cottage
D:3:      layout_rooms, minmay_surrounded, uniq_terence
D:4:      layout_loops_ring, minmay_temple_entry_slanted
D:5:      layout_loops_ring, lemuel_coloured_pillars_altar
Temple:   regret_index_temple_chain_breaker

Skill      XL: |  1  2  3  4  5  6  7  8 |
---------------+-------------------------+-----
Spellcasting   | 5 6 |  6.0
Invocations    | 1 2 3 |  3.5
Short Blades   | 1 2 3 |  3.1
Long Blades    | 1 2 3 |  3.1
Axes           | 1 2 3 |  3.1
Maces & Flails | 1 2 3 |  3.1
Polearms       | 1 2 3 |  3.1
Staves         | 1 2 3 |  3.1
Ranged Weapons | 1 2 3 |  3.1
Throwing       | 1 2 3 |  3.1
Armour         | 1 2 3 |  3.1
Stealth        | 1 2 3 |  3.1
Shields        | 1 2 3 |  3.1
Evocations     | 1 2 3 |  3.1
Conjurations   | 1 2 |  2.5
Hexes          | 1 2 |  2.5
Summonings     | 1 2 |  2.5
Necromancy     | 1 2 |  2.5
Translocations | 1 2 |  2.5
Fire Magic     | 1 2 |  2.5
Ice Magic      | 1 2 |  2.5
Air Magic      | 1 2 |  2.5
Earth Magic    | 1 2 |  2.5
Poison Magic   | 1 2 |  2.5
Fighting       | 3 4 |  4.1
Transmutations | 4 |  4.6
Dodging        | 5 |  5.6
Unarmed Combat | 7 |  7.3

Action                     |  1- 3 |  4- 6 |  7- 9 || total
---------------------------+-------+-------+-------++-------
  Melee: Short sword       |    93 |    99 |       ||   192
         Long sword        |     5 |       |       ||     5
         Kick              |    19 |    35 |    23 ||    77
         Bite              |    11 |    16 |    13 ||    40
         Headbutt          |    12 |    22 |    14 ||    48
         Unarmed           |     1 |       |       ||     1
         Punch             |     2 |     7 |     5 ||    14
         Dagger            |       |    47 |    85 ||   132
  Throw: Dart              |       |       |     1 ||     1
   Cast: Beastly Appendage |    19 |    24 |    13 ||    56
         Wereblood         |    14 |    19 |    10 ||    43
         Ice Form          |       |       |     1 ||     1
    Use: Potion            |     1 |     2 |     1 ||     4
         Scroll            |       |    11 |     3 ||    14
 Armour: Robe              |    21 |    12 |       ||    33
         Leather armour    |       |     3 |    11 ||    14
  Dodge: Dodged            |    67 |    80 |    59 ||   206
  Block: Other             |       |     8 |     2 ||    10
